 Dungeon Crawl Stone Soup version 0.24.0-13-gcf9b319 (webtiles) character file.

Game seed: 7064785417543766349, levelgen mode: deterministic

340107 Fang the Warrior (level 21, -2/241 HPs)
             Began as a Gargoyle Fighter on Dec 18, 2019.
             Was the Champion of Trog.
             Slain by an iron dragon (6 damage)
             ... on level 5 of the Vaults.
             The game lasted 00:53:47 (39619 turns).

Fang the Warrior (Gargoyle Fighter)                Turns: 39619, Time: 00:53:48

Health: -2/241     AC: 44    Str: 34    XL:     21   Next: 98%
Magic:  21/21      EV:  7    Int: 10    God:    Trog [******]
Gold:   2532       SH: 25    Dex:  9    Spells: 20/20 levels left

rFire    + . .     SeeInvis +   A - +8 mithril axe "Arga" {speed, MR+}
rCold    + . .     Gourm    .   B - +0 large shield
rNeg     + . .     Faith    .   b - +0 gold dragon scales
rPois    ∞         Spirit   .   g - +2 hat
rElec    +         Reflect  .   (no cloak)
rCorr    +         Harm     .   (no gloves)
MR       ++++.                  z - +2 pair of boots {run}
Stlth    ..........             E - amulet of Vitality {Regen+ HP+15}
HPRegen  1.90/turn              i - ring of resist corrosion
MPRegen  0.17/turn              N - ring of see invisible

@: berserking, flying, regenerating, very quick
A: big wings, negative energy resistance 1, electricity resistance, unbreathing,
petrification resistance, rot immunity, AC +16
}: 2/15 runes: decaying, serpentine
a: Stop Flying, Berserk, Trog's Hand, Brothers in Arms, Renounce Religion


You were on level 5 of the Vaults.
You worshipped Trog.
Trog was exalted by your worship.
You were near starving.

You visited 9 branches of the dungeon, and saw 39 of its levels.
You also visited: Sewer and Ossuary.

You collected 3536 gold pieces.
You spent 1004 gold pieces at shops.

Inventory:

Hand Weapons
 a - a +5 broad axe of freezing
 A - the +8 mithril axe "Arga" (weapon) {speed, MR+}
   (You acquired it on level 1 of the Lair of Beasts)

   Attacks with this weapon are significantly faster.
   It affects your resistance to hostile enchantments.
 M - a +5 war axe of flaming
 P - the +7 war axe of Bodily Harmony {holy, rN+}
   (Trog gifted it to you on level 3 of the Vaults)

   It has been blessed by the Shining One to cause great damage to the undead
   and demons.
   It protects you from negative energy.
 Q - a +3 antimagic broad axe
Armour
 b - +0 gold dragon scales (worn)
 g - a +2 hat (worn)
 z - a +2 pair of boots of running (worn)
 B - a +0 large shield (worn)
Jewellery
 f - an uncursed amulet of guardian spirit
 i - a ring of resist corrosion (left hand)
 k - an uncursed ring of protection from magic
 v - a +3 ring of evasion
 E - the amulet of Vitality (around neck) {Regen+ HP+15}
   (You bought it in a shop on level 2 of the Snake Pit)

   [amulet of regeneration]

   It affects your health (+15).
   It increases your rate of regeneration.
 K - a +1 ring of protection
 N - a ring of see invisible (right hand)
 R - an uncursed ring of protection from fire {unknown}
Wands
 m - a wand of digging (5)
 u - a wand of enslavement (29)
 C - a wand of polymorph (13)
 G - a wand of flame (56)
 I - a wand of paralysis (12)
 J - a wand of scattershot (3)
 O - a wand of random effects (21)
Scrolls
 h - 3 scrolls of fear
 j - 29 scrolls of identify
 l - 22 scrolls of remove curse
 p - 5 scrolls of magic mapping
 x - 18 scrolls of teleportation
 y - 2 scrolls of blinking
 H - 4 scrolls of fog
 L - a scroll of silence
Potions
 d - 2 potions of might
 n - 3 potions of invisibility
 o - 6 potions of resistance
 q - 8 potions of mutation
 r - 15 potions of curing
 s - 4 potions of cancellation
 t - 2 potions of ambrosia
 w - 5 potions of berserk rage
 F - a potion of haste
Comestibles
 c - 40 rations


   Skills:
 + Level 20.3 Fighting
 + Level 17.5 Axes
 + Level 20.2 Armour
 + Level 20.3 Shields


You had 20 spell levels left.
You didn't know any spells.
Your spell library contained the following spells:

 Spells                   Type           Power        Failure   Level  Hunger
 Corona                   Hex            #......      99%         1    ##.....
 Ensorcelled Hibernation  Hex/Ice        #.....       100%        2    ###....
 Confuse                  Hex            #.......     100%        3    ####...
 Dazzling Spray           Conj/Hex       #.....       100%        3    ####...
 Tukima's Dance           Hex            #.......     100%        3    ####...


Dungeon Overview and Level Annotations

Branches:
Dungeon (15/15)            Temple (1/1) D:6            Lair (6/6) D:9
  Swamp (4/4) Lair:4        Snake (4/4) Lair:3        Slime (0/5) Lair:5
    Orc (2/2) D:11            Elf (1/3) Orc:2        Vaults (5/5) D:13
  Crypt (0/3) Vaults:3     Depths (0/5) D:15           Hell (visited)
  Sewer (visited)         Ossuary (visited)
    Dis: Hell:1         Geh: Hell:1         Coc: Hell:1         Tar: Hell:1

Altars:
Ashenzari
Cheibriados
Dithmenos
Elyvilon
Fedhas
Gozag
Hepliaklqana
Kikubaaqudgha
Makhleb
Nemelex Xobeh
Okawaru
Qazlal
Ru
Sif Muna
Trog
Uskayaw
Vehumet
Wu Jian
Xom
Yredelemnul
Zin
The Shining One
Beogh
Jiyva

Shops:
D:4 =%(:   D:8 =   D:12 ?}:   D:14 !%   Orc:2 (*[:   Snake:2 =}=   Snake:3 [
Snake:4 [   Vaults:2 *   Vaults:4 *

Portals:
Hell: Lair:6
Trove: D:11 (give +4 ice dragon scales)

Annotations:
D:11 exclusion: ice statue
D:13 exclusions: oklob plant and oklob sapling
Snake:3 3 runed translucent doors, Tuffe's ghost, adept FoFi
Vaults:4 3 runed translucent doors, exclusion: obsidian statue, howech's ghost, veteran MiGl
Vaults:5 Bai Suzhen
Hell Geryon


Innate Abilities, Weirdness & Mutations

You are resistant to torment.
Your stone body is resilient. (AC +16)
You are immune to poison.
Your large and strong wings let you fly indefinitely.
You resist negative energy. (rN+)
You are resistant to electric shocks. (rElec)
You can survive without breathing.
You are immune to petrification.
You are immune to rotting.


Message History

You block the shadow dragon's attack.
The shadow dragon claws you but does no damage.
You block the ettin's attack. The ettin hits you but does no damage.
You slice Bai Suzhen!!
Bai Suzhen roars in fury and transforms into a fierce dragon!
A violent storm begins to rage around Bai Suzhen.
Bai Suzhen is heavily wounded.
You slice the phantasmal warrior!!
You destroy the phantasmal warrior!
Trog accepts your kill.
You slash the ettin! You slash the vault warden!
You completely miss the iron dragon. You slice the yaktaur captain!!
You hit the shadow dragon but do no damage.
You are standing in a thunderstorm.
You are struck by lightning!
You resist.
* * * LOW HITPOINT WARNING * * *
You hear a shout!
You hear a deafening roar!
You hear a shout!
You block the vault guard's attack. You block the iron dragon's attack.
The iron dragon claws you but does no damage.
The iron dragon tramples you.
You die...

... #....# ...
#....# #. ....
#....# #.#
.....#....# #.#
.....#....##e#
#...........#
####....cpep######
.......pDC§)......
...Q..W§D@pp......
.....§.pDcDp(.....
......OCpCe44.....
####...O3CO.######
...p...cp(..
#..C#..W.#....
.p..#..O.#...# .#
#...O#..## #....
..#


You could see Bai Suzhen, a shadow dragon, an iron dragon, an ironheart
preserver, 2 fire giants, a stone giant, 3 vault wardens, a tengu reaver, 3
yaktaur captains, a five-headed hydra, 4 vault guards, a deep elf annihilator, 2
ettins, 2 two-headed ogres, an ogre mage, a sun demon, a deep elf demonologist,
a vault sentinel, 2 ironbrand convokers, a rust devil, 2 freezing wraiths, a
deep elf mage, a chaos spawn and 2 ogres.

Vanquished Creatures
  Mennas (Vaults:2)
  A golden dragon (Vaults:4)
  Jory (Vaults:4)
  A tentacled monstrosity (Vaults:4)
  Rupert (Lair:5)
  A lich (Vaults:3)
  2 titans
  Frances (D:13)
  A sphinx (Vaults:4)
  4 thorn hunters
  Kirke (Swamp:1)
  A shadow dragon (Vaults:5)
  A storm dragon (Vaults:5)
  2 fire giants (Vaults:4)
  2 deep elf sorcerers
  13 nagarajas
  3 frost giants
  An orc warlord (Orc:2)
  11 vault wardens
  8 ironheart preservers
  9 stone giants
  A deep elf elementalist (Vaults:4)
  A war gargoyle (Vaults:2)
  An entropy weaver (shapeshifter) (Vaults:5)
  7 very ugly things
  An entropy weaver (Lair:6)
  A deep elf demonologist (Vaults:2)
  Azrael (Snake:3)
  2 deep elf annihilators (Vaults:2)
  A deep elf death mage (Vaults:2)
  An ettin (Vaults:5)
  2 fire dragons
  A deep elf high priest (Vaults:5)
  Josephine (D:13)
  16 naga warriors
  7 yaktaur captains
  4 ice dragons
  A rakshasa (Vaults:1)
  Harold (D:9)
  16 anacondas
  27 vault guards
  A ghost crab (Swamp:3)
  A catoblepas (D:14)
  2 shambling mangroves (Swamp:4)
  28 hydras
  9 alligators
  3 centaur warriors
  5 ogre magi
  A queen ant (Lair:6)
  4 death yaks (Lair:4)
  26 two-headed ogres
  2 death knights (Vaults:3)
  A deep troll shaman (Vaults:4)
  An orc high priest (Orc:2)
  Urug (D:12)
  14 naga sharpshooters
  6 shock serpents
  A sun demon (Lair:6)
  Nergalle (Lair:3)
  A soul eater (Vaults:3)
  7 deep elf knights
  A skeletal warrior (Vaults:3)
  2 hell knights (Lair:6)
  A shadow wraith (Vaults:2)
  5 salamander mystics
  2 wizards
  5 deep trolls (Vaults:4)
  4 unseen horrors
  A phantasmal warrior (Vaults:5)
  7 sea snakes (Snake:4)
  3 deep elf archers (Vaults:4)
  2 flayed ghosts
  4 naga ritualists
  2 necromancers (Vaults:3)
  8 swamp dragons
  10 ironbrand convokers
  13 orc knights
  2 wolf spider zombies
  7 mana vipers
  A tengu skeleton (Vaults:3)
  2 stone giant zombies (Vaults:3)
  8 orc sorcerers
  2 wolf spiders
  5 cyclopes
  14 salamanders
  2 fire giant zombies (Vaults:3)
  16 deep elf magi
  20 ugly things
  2 manticores
  26 elephants
  A guardian serpent (shapeshifter) (Vaults:5)
  A centaur zombie (D:15)
  9 guardian serpents
  39 black mambas
  19 naga magi
  22 spiny frogs
  A gargoyle (D:14)
  2 rime drakes (shapeshifter)
  3 rime drakes
  2 orange demons (Lair:6)
  9 vault sentinels
  13 komodo dragons
  A torpor snail (Lair:6)
  7 freezing wraiths
  A kobold demonologist (D:15)
  2 yaktaurs (shapeshifter)
  A hellwing (Lair:6)
  30 yaktaurs
  A harpy zombie (D:15)
  6 tyrant leeches
  8 trolls
  3 red devils (Lair:6)
  A polar bear (shapeshifter) (D:15)
  2 wind drakes (shapeshifter)
  12 hornets
  A polar bear (D:12)
  Prince Ribbit (D:7)
  23 slime creatures
  9 bog bodies
  14 blink frogs
  A harpy skeleton (D:15)
  A fire giant simulacrum (Vaults:3)
  8 hippogriffs
  A dream sheep (Lair:6)
  A human simulacrum (Vaults:2)
  A flying skull (Vaults:3)
  5 shadows
  5 wyverns
  30 yaks
  6 spriggans
  5 wraiths (D:13)
  6 fire elementals (Snake:3)
  7 basilisks
  A golden eye (shapeshifter) (D:14)
  5 hogs (Swamp:1)
  2 hungry ghosts (D:12)
  10 vampire mosquitoes
  14 swamp worms
  3 insubstantial wisps (Swamp:2)
  50 nagas
  6 wargs
  3 acid dragons
  3 hell hounds
  19 water moccasins
  5 soldier ants
  17 swamp drakes
  8 ice beasts
  7 porcupines
  4 sky beasts
  A black bear (D:6)
  34 orc warriors
  An eye of draining (D:14)
  2 phantoms
  27 ogres
  8 centaurs
  9 wolves
  2 human skeletons (Vaults:3)
  19 crocodiles
  6 big kobolds
  14 bullfrogs
  A wyvern zombie (D:11)
  2 wyvern skeletons (D:14)
  4 scorpions
  5 killer bees (D:11)
  8 howler monkeys
  7 electric eels
  A bullfrog zombie (D:9)
  A lava snake (Lair:5)
  8 crimson imps
  20 orc priests
  A wyvern simulacrum (D:12)
  Crazy Yiuf (D:2)
  6 centaur skeletons
  3 hounds (D:11)
  2 bullfrog skeletons
  3 jellies
  2 mummies (Ossuary)
  Ijyb (D:4)
  4 iguanas
  15 worker ants
  33 orc wizards
  A bullfrog simulacrum (D:12)
  A hound skeleton (D:11)
  A worker ant zombie (D:9)
  22 adders
  6 shadow imps
  A white imp (D:12)
  An ooze (D:5)
  An adder zombie (D:7)
  A worm (D:3)
  3 dart slugs
  5 leopard geckos
  108 orcs
  7 giant cockroaches
  5 hobgoblins
  22 jackals
  5 quokkas
  16 ball pythons
  5 bats
  10 frilled lizards
  5 goblins
  A jackal skeleton (D:4)
  46 kobolds
  A leopard gecko skeleton (D:5)
  11 rats
  6 fungi
  11 plants
1482 creatures vanquished.

Vanquished Creatures (collateral kills)
  An entropy weaver (Lair:6)
  3 hell hounds (Lair:6)
  A worker ant (Lair:6)
5 creatures vanquished.

Vanquished Creatures (others)
  A naga warrior (Snake:4)
  A salamander (Snake:4)
  A black mamba (Snake:2)
  A naga mage (Snake:3)
  2 nagas (Snake:4)
  An orc wizard (D:4)
  A jackal (D:4)
  7 fungi (Lair:6)
  14 plants
  A withered plant (Ossuary)
30 creatures vanquished.

Grand Total: 1517 creatures vanquished

Notes
Turn   | Place    | Note
-------+----------+-------------------------------------------
     0 | D:1      | Fang the Gargoyle Fighter began the quest for the Orb.
     0 | D:1      | Reached XP level 1. HP: 14/14 MP: 1/1
    41 | D:1      | Reached XP level 2. HP: 18/19 MP: 2/2
   496 | D:2      | Reached XP level 3. HP: 22/24 MP: 3/3
  1028 | D:2      | Found a burning altar of Makhleb.
  1122 | D:2      | Found a runed translucent door.
  1123 | D:2      | Noticed Crazy Yiuf
  1397 | D:2      | Killed Crazy Yiuf
  1397 | D:2      | Reached XP level 4. HP: 28/29 MP: 4/4
  1472 | D:3      | Reached XP level 5. HP: 7/33 MP: 5/5
  1981 | D:3      | Reached XP level 6. HP: 39/39 MP: 6/6
  2309 | D:4      | Found a sand-covered staircase.
  2321 | Ossuary  | Entered an ossuary
  2565 | D:4      | Reached skill level 5 in Shields
  2590 | D:4      | Noticed Ijyb
  2604 | D:4      | Killed Ijyb
  2604 | D:4      | Reached skill level 5 in Fighting
  2654 | D:4      | Reached skill level 5 in Armour
  2693 | D:4      | Found Gupaw's Book Shoppe.
  2783 | D:4      | Found a glowing drain.
  2788 | D:4      | Reached XP level 7. HP: 44/44 MP: 7/7
  2802 | Sewer    | Entered a sewer
  2810 | Sewer    | Identified a +1 pair of boots of running (You found it on
                  | level 4 of the Dungeon)
  3597 | D:4      | Found Owolujid's Jewellery Emporium.
  3681 | D:4      | Found Kasyolu's Weapon Boutique.
  3748 | D:4      | Found Wiagoida's Food Shoppe.
  4083 | D:5      | Entered Level 5 of the Dungeon
  4226 | D:5      | Reached XP level 8. HP: 33/51 MP: 6/8
  5071 | D:6      | Reached skill level 5 in Axes
  5588 | D:6      | Found a staircase to the Ecumenical Temple.
  5636 | Temple   | Entered the Ecumenical Temple
  5766 | Temple   | Became a worshipper of Trog the Wrathful
  5896 | D:7      | Reached XP level 9. HP: 40/56 MP: 5/9
  5981 | D:7      | Noticed Prince Ribbit
  5985 | D:8      | Found Gusm's Jewellery Shoppe.
  6284 | D:7      | Killed Prince Ribbit
  6284 | D:7      | Reached * piety under Trog
  7266 | D:8      | Noticed a two-headed ogre
  7274 | D:8      | Killed a two-headed ogre
  7274 | D:8      | Reached XP level 10. HP: 64/64 MP: 7/10
  7831 | D:9      | Found a staircase to the Lair.
  8443 | D:9      | Reached ** piety under Trog
  8499 | D:9      | Found a snail-covered altar of Cheibriados.
  8789 | D:9      | Noticed Harold
  8818 | D:9      | Killed Harold
  8909 | D:10     | Entered Level 10 of the Dungeon
  9343 | D:10     | Reached XP level 11. HP: 52/71 MP: 8/11
  9654 | D:10     | Noticed a two-headed ogre
  9664 | D:10     | Killed a two-headed ogre
  9664 | D:10     | Reached skill level 10 in Fighting
  9664 | D:10     | Reached skill level 10 in Armour
  9677 | D:10     | Reached skill level 10 in Shields
  9708 | D:10     | Found an opulent altar of Gozag.
  9797 | D:10     | Reached *** piety under Trog
  9946 | D:10     | Noticed a two-headed ogre
  9960 | D:10     | Killed a two-headed ogre
 10370 | D:11     | Killed an unseen horror
 10946 | D:11     | Reached **** piety under Trog
 10986 | D:11     | Found a staircase to the Orcish Mines.
 11550 | D:11     | Found a portal to a secret trove of treasure.
 11789 | D:12     | Found Gyton's Magic Scroll Boutique.
 11868 | D:12     | Paralysed by fainting for 8 turns
 11893 | D:12     | Noticed a brown ugly thing
 11911 | D:12     | Killed a brown ugly thing
 11911 | D:12     | Reached XP level 12. HP: 79/79 MP: 9/12
 11962 | D:12     | Found Elolio's Book Shoppe.
 12117 | D:12     | Found a blossoming altar of Fedhas.
 12284 | D:12     | Noticed Urug
 12306 | D:12     | Killed Urug
 12449 | D:12     | Found Hoebal's Gadget Emporium.
 12463 | D:12     | Reached ***** piety under Trog
 12552 | D:12     | Paralysed by fainting for 6 turns
 13048 | Lair:1   | Entered Level 1 of the Lair of Beasts
 13309 | Lair:1   | Identified a scroll of acquirement
 13310 | Lair:1   | Found the +8 mithril axe "Arga" {speed, MR+}
 13381 | Lair:1   | Noticed a five-headed hydra
 13393 | Lair:1   | Killed an 11-headed hydra
 14766 | Lair:2   | Found a dark tunnel.
 15081 | Lair:3   | Noticed a seven-headed hydra
 15091 | Lair:3   | Killed a three-headed hydra
 15143 | Lair:3   | Reached skill level 10 in Axes
 15163 | Lair:3   | Noticed Nergalle
 15171 | Lair:3   | Reached XP level 13. HP: 74/86 MP: 13/13
 15185 | Lair:3   | Killed Nergalle
 15246 | Lair:3   | Found a staircase to the Snake Pit.
 15567 | Lair:4   | Found a staircase to the Swamp.
 16876 | Lair:5   | Noticed Rupert
 16891 | Lair:5   | Killed Rupert
 17012 | Lair:5   | Received a gift from Trog
 17012 | Lair:5   | Gained mutation: Your large and strong wings let you fly
                  | indefinitely. [Gargoyle growth]
 17012 | Lair:5   | Reached XP level 14. HP: 94/94 MP: 14/14
 17623 | Lair:5   | Found a staircase to the Slime Pits.
 17623 | Lair:5   | Found a viscous altar of Jiyva.
 17866 | Lair:6   | Entered Level 6 of the Lair of Beasts
 18286 | Lair:6   | Noticed an entropy weaver
 18307 | Lair:6   | Noticed an entropy weaver
 18308 | Lair:6   | Killed an entropy weaver
 18319 | Lair:6   | Killed an entropy weaver
 18890 | Lair:6   | Found a burning altar of Makhleb.
 18937 | Lair:6   | Reached XP level 15. HP: 34/100 MP: 8/15
 19188 | Lair:6   | Found a gateway to Hell.
 19200 | Hell     | Entered the Vestibule of Hell
 19200 | Hell     | Noticed Geryon
 20041 | D:13     | Reached ****** piety under Trog
 20083 | D:13     | Noticed Frances
 20098 | D:13     | Killed Frances
 20237 | D:13     | Received a gift from Trog
 20765 | D:13     | Found a gate to the Vaults.
 20798 | D:13     | Noticed Josephine
 20812 | D:13     | Killed Josephine
 21296 | D:14     | Found Xeong's Distillery.
 21363 | D:14     | Found Liopseoru's Food Shop.
 21371 | D:14     | Received a gift from Trog
 21437 | D:14     | Found an ornate altar of the Wu Jian Council.
 21580 | D:15     | Entered Level 15 of the Dungeon
 21624 | D:15     | Reached skill level 15 in Shields
 21643 | D:15     | Reached skill level 15 in Fighting
 21672 | D:15     | Reached skill level 15 in Armour
 22163 | D:15     | Found a staircase to the Depths.
 22514 | Orc:1    | Entered Level 1 of the Orcish Mines
 22543 | Orc:1    | Received a gift from Trog
 22549 | Orc:1    | Reached XP level 16. HP: 96/108 MP: 16/16
 22903 | Orc:2    | Entered Level 2 of the Orcish Mines
 22925 | Orc:2    | Found Ytzuwnao's Antique Weapon Boutique.
 23397 | Orc:2    | Found a staircase to the Elven Halls.
 23399 | Orc:2    | Found a roughly hewn altar of Beogh.
 23452 | Orc:2    | Found Yschaasom's Antique Armour Shop.
 23509 | Orc:2    | Found Seariril's Book Shop.
 23684 | Orc:2    | Found Uniuk's General Store.
 23904 | Elf:1    | Entered Level 1 of the Elven Halls
 24120 | Snake:1  | Entered Level 1 of the Snake Pit
 24476 | Snake:2  | Received a gift from Trog
 24539 | Snake:2  | Noticed a nagaraja
 24558 | Snake:2  | Killed a nagaraja
 25066 | Snake:2  | Noticed a nagaraja
 25094 | Snake:2  | Killed a nagaraja
 25527 | Snake:2  | Received a gift from Trog
 25627 | Snake:2  | Reached XP level 17. HP: 105/115 MP: 17/17
 25954 | Snake:2  | Found Erynig's Jewellery Shop.
 25955 | Snake:2  | Found Syuffu's Gadget Emporium.
 25956 | Snake:2  | Found Amuloiho's Jewellery Shop.
 26310 | Snake:2  | Bought the amulet of Vitality {Regen+ HP+15} for 869 gold
                  | pieces
 26310 | Snake:2  | Found the amulet of Vitality {Regen+ HP+15}
 26354 | Snake:3  | Found a shadowy altar of Dithmenos.
 26492 | Snake:3  | Noticed Azrael
 26501 | Snake:3  | Killed Azrael
 26527 | Snake:3  | Found a runed translucent gate.
 26527 | Snake:3  | Found a runed translucent gate.
 26527 | Snake:3  | Found a runed translucent gate.
 26527 | Snake:3  | Noticed Tuffe's ghost (adept FoFi)
 27025 | Snake:3  | Found Fipimpish's Antique Armour Boutique.
 27269 | Snake:3  | Received a gift from Trog
 27421 | Snake:4  | Entered Level 4 of the Snake Pit
 27852 | Snake:4  | Found Vaidausiku's Antique Armour Emporium.
 28138 | Snake:4  | Reached XP level 18. HP: 108/123 MP: 0/18
 28478 | Snake:4  | Received a gift from Trog
 28707 | Snake:4  | Got a serpentine rune of Zot
 28817 | Swamp:1  | Entered Level 1 of the Swamp
 28862 | Swamp:1  | Noticed Kirke
 28863 | Swamp:1  | Reached skill level 15 in Axes
 28887 | Swamp:1  | Killed Kirke
 29756 | Swamp:2  | Received a gift from Trog
 30780 | Swamp:4  | Entered Level 4 of the Swamp
 30808 | Swamp:4  | Reached XP level 19. HP: 124/130 MP: 19/19
 31214 | Swamp:4  | Received a gift from Trog
 32493 | Swamp:4  | Got a decaying rune of Zot
 32898 | Vaults:1 | Entered Level 1 of the Vaults
 34121 | Vaults:2 | Received a gift from Trog
 34255 | Vaults:2 | Noticed Mennas
 34330 | Vaults:2 | Killed Mennas
 34653 | Vaults:2 | Found Meprol's General Store.
 34664 | Vaults:2 | Reached XP level 20. HP: 137/137 MP: 20/20
 34723 | Vaults:2 | Bought a scroll of blinking for 135 gold pieces
 35616 | Vaults:3 | Received a gift from Trog
 35628 | Vaults:3 | Got a sapphire war axe {god gift}
 35629 | Vaults:3 | Identified the +7 war axe of Bodily Harmony {holy, rN+}
                  | (Trog gifted it to you on level 3 of the Vaults)
 36451 | Vaults:3 | Found a staircase to the Crypt.
 37510 | Vaults:4 | Received a gift from Trog
 37589 | Vaults:4 | Reached XP level 21. HP: 144/144 MP: 16/21
 38065 | Vaults:4 | Found a runed translucent gate.
 38066 | Vaults:4 | Found a runed translucent gate.
 38066 | Vaults:4 | Found an opulent altar of Gozag.
 38067 | Vaults:4 | Found a runed translucent gate.
 38068 | Vaults:4 | Noticed howech's ghost (veteran MiGl)
 38069 | Vaults:4 | Noticed an ancient lich
 38072 | Vaults:4 | Found Qoefirr's Assorted Antiques.
 38288 | Vaults:5 | Entered Level 5 of the Vaults
 38413 | Vaults:4 | Received a gift from Trog
 38786 | Vaults:5 | Noticed a golden dragon
 39118 | Vaults:4 | Killed a golden dragon
 39282 | Vaults:5 | Identified the +10 mace "Okhlunem" {antimagic, MP+9 Str+4
                  | Int+4 Stlth-}
 39289 | Vaults:5 | Noticed Jory
 39294 | Vaults:5 | Noticed Bai Suzhen
 39326 | Vaults:4 | Killed Jory
 39609 | Vaults:5 | HP: 12/241 [vault guard/+0 glaive (2)]
 39612 | Vaults:5 | HP: 4/241 [Executioner[a deep elf demonologist] (4)]
 39619 | Vaults:5 | HP: 4/241 [Bai Suzhen] (4)]
 39619 | Vaults:5 | Slain by an iron dragon

Levels and vault maps discovered:
D:1:      wander_arrival_desolate, layout_rooms, kennysheep_another_room
D:2:      layout_basic, nicolae_overflow_crystal_walls,
          minmay_shallow_snake_nest, uniq_crazy_yiuf_cottage
D:3:      minmay_spotlight, layout_rooms, serial_bayou_lagoon_a
D:4:      layout_gridville, first_ration, lightli_ossuary_entry_decrepit_ruins,
          serial_shops, nicolae_shop_trees, shop, nicolae_shop_crystal, shop,
          cheibrodos_sewer_entry_sluice, uniq_ijyb
D:5:      layout_basic
D:6:      layout_loops_ring, minmay_temple_entry_offerings
D:7:      layout_loops_ring, uniq_prince_ribbit1
D:8:      layout_loops_ring, serial_shops, shop, grunt_pizzeria
D:9:      layout_gridville, minmay_lair_entry_grove, basic_altar, uniq_harold
D:10:     layout_basic, nicolae_gozag_seed_capital
D:11:     lemuel_ice_statue, layout_small_grid, erik_orc_1,
          trove_entry_hex_spiral, grunt_decor_clamped
D:12:     minmay_connected_triangles_in_corner, layout_cave_pools, serial_ice,
          serial_ice_e, serial_ice_h, serial_ice_n, serial_ice_i,
          portal_ice_cave_entry_pillars_2, serial_shops, shop, shop,
          nicolae_shop_crystal, eino_small_chamber_without_monster,
          fedhas_altar_2, uniq_urug
D:13:     layout_basic, skrybe_vaults_entry_preservation,
          introduction_to_nature_1, uniq_josephine, uniq_frances
D:14:     layout_rooms, basic_altar, serial_shops, shop, shop,
          serial_bayou_pond_e
D:15:     grunt_enter_depths_hoard, layout_cave_pools,
          minmay_misc_feat_four_crosses
Temple:   kilobyte_greek_temple
Lair:1:   layout_layer_cave
Lair:2:   layout_cave_pods, enter_volcano_4, minivault_23, serial_bayou_shore_a
Lair:3:   layout_cave_shapes, dummy_snake_entry, uniq_nergalle
Lair:4:   layout_layer_cave, swamp_mist, grunt_megastairs_1
Lair:5:   layout_gridlike, slime_altar_1, uniq_rupert
Lair:6:   evil_forest, layout_regular_city, wad_woods_antlair,
          infiniplex_staircase_pool_2
Swamp:1:  layout_basic_swamp, nicolae_swamp_round_clearing, swamp_pool2,
          uniq_kirke
Swamp:2:  layout_basic_swamp, hangedman_swamp_ruin_wall
Swamp:3:  layout_falls_marsh, evilmike_swamp_ruin_rubble_1, swamp_pool4,
          infiniplex_staircase_pool
Swamp:4:  swamp, layout_basic_swamp
Snake:1:  layout_rooms
Snake:2:  layout_layer_cave, hangedman_snake_sidewinding, minmay_shop_grove,
          lemuel_fruit_tree
Snake:3:  layout_concentric_octagons, basic_altar, ebering_ghost_rock_garden,
          serial_shops, nicolae_shop_behind_doors, drop_trap,
          grunt_ministairs_13, uniq_azrael
Snake:4:  grunt_snake_rune_pools, layout_rooms, serial_shops,
          nicolae_shop_crystal
Orc:1:    layout_caves
Orc:2:    grunt_orc_gardens, layout_diamond_mine, grunt_orc_garden,
          grunt_orc_garden, grunt_orc_garden, grunt_orc_garden, basic_altar
Elf:1:    layout_loops_corners, ploomutoo_gammafunk_ghost_potion_laboratory,
          evilmike_minifort, nrook_uturn, uniq_louise
Vaults:1: v_misc_25, vaults_room_large_hall, hangedman_vaults_stagger,
          vaults_standard_mumra_lines, grunt_vaults_focal, v_misc_8,
          vaults_room_semicircle, nicolae_vaults_network_barrier,
          layout_vaults_omnibox
Vaults:2: vaults_room_glass_cross, ontoclasm_vaults_fault,
          ontoclasm_vaults_spin, vaults_mumra_chevron_long,
          ontoclasm_vaults_loading_screen, layout_vaults_chaotic_city,
          serial_shops, nicolae_shop_waterfront, uniq_mennas
Vaults:3: hangedman_vaults_nails, v_misc_9, minmay_crypt_entry_simple_round,
          layout_vaults_omnigrid
Vaults:4: ebering_vaults_ghost_gozag, hangedman_vaults_impose,
          vaults_standard_mumra_enter_the_diamond, dpeg_vaults_monster_box,
          ontoclasm_vaults_chip, hangedman_vaults_nails, vaults_room_fours,
          v_misc_14, vaults_mumra_chevron, hangedman_vaults_stream,
          layout_vaults_omnicross
Vaults:5: uniq_jory, uniq_bai_suzhen
Hell

Skill      XL: |  1  2  3  4  5  6  7  8  9 10 11 12 13 14 15 16 17 18 19 20 21 |
---------------+----------------------------------------------------------------+-----
Axes           | 2 3 4 5 6 7 8 10 11 12 13 14 15 16 17 | 17.5
Fighting       | 4 5 6 8 9 10 12 13 14 15 16 17 18 19 20 | 20.3
Armour         | 4 5 6 8 9 10 12 13 14 15 16 17 18 19 20 | 20.2
Shields        | 4 5 6 8 9 10 12 13 14 15 16 17 18 19 20 | 20.3

Action                   |  1- 3 |  4- 6 |  7- 9 | 10-12 | 13-15 | 16-18 | 19-21 || total
-------------------------+-------+-------+-------+-------+-------+-------+-------++-------
Melee: War axe           |   139 |   299 |   581 |   736 |       |       |       ||  1755
       Broad axe         |       |       |       |   120 |  1137 |  1489 |  1424 ||  4170
Invok: Berserk           |       |       |     2 |     9 |    13 |     3 |     9 ||    36
       Trog's Hand       |       |       |       |     1 |     1 |     1 |     4 ||     7
       Brothers in Arms  |       |       |       |       |     2 |       |       ||     2
 Abil: Fly               |       |       |       |       |     1 |       |       ||     1
  Use: Scroll            |       |       |    20 |     8 |     8 |     1 |     4 ||    41
       Potion            |       |       |       |     1 |     1 |       |     4 ||     6
 Stab: Confused          |       |       |       |       |       |     1 |     1 ||     2
  Eat: Chunk             |     2 |     5 |    16 |    34 |    37 |    12 |    23 ||   129
       Ration            |       |       |       |     2 |       |     5 |     4 ||    11
Armor: Scale mail        |    72 |    59 |       |       |       |       |       ||   131
       Chain mail        |       |   144 |   355 |    55 |       |       |       ||   554
       Plate armour      |       |       |       |   628 |   777 |   564 |  1047 ||  3016
       Gold dragon scale |       |       |       |       |       |       |    86 ||    86
Dodge: Dodged            |    55 |    85 |   150 |   206 |   231 |   142 |   300 ||  1169
Block: Shield            |    71 |   171 |   352 |   581 |   437 |       |       ||  1612
       Large shield      |       |       |       |       |   414 |  1172 |  1392 ||  2978
